 Dungeon Crawl Stone Soup version 0.30.1-11-g7821555f0a (webtiles) character file.

Game seed: 13890438809097467016

23190 lonewolfV2 the Nimble (level 12, -2/159 HPs)
             Began as a Minotaur Fighter on Oct 31, 2023.
             Slain by a centaur warrior (9 damage)
             ... on level 13 of the Dungeon.
             The game lasted 00:24:13 (13520 turns).

lonewolfV2 the Nimble (Minotaur Fighter)           Turns: 13520, Time: 00:24:14

Health: -2/159     AC: 23    Str: 21    XL:     12   Next: 69%
Magic:  17/17      EV: 14    Int:  8    God:
Gold:   1306       SH: 21    Dex: 24    Spells: 11/11 levels left

rFire   + . .        a - +0 war axe (flame)
rCold   . . .        x - +2 kite shield
rNeg    . . .        z - +7 plate armour "Zuvikh" {Int+3 Dex+3}
rPois   .            (helmet restricted)
rElec   .            (no cloak)
rCorr   .            (no gloves)
SInv    .            k - +0 pair of boots
Will    .....        B - amulet of reflection Stlth
                     h - ring of protection from fire
HPRegen 0.46/turn    l - +6 ring of dexterity
MPRegen 0.15/turn

%: reflection
@: berserking (expiring), very quick
A: horns 2, retaliatory headbutt
a: no special abilities


You were on level 13 of the Dungeon.
You visited 2 branches of the dungeon, and saw 14 of its levels.

You collected 2392 gold pieces.
You spent 1086 gold pieces at shops.

Inventory:

Hand Weapons
 a - a +0 war axe of flaming (weapon)
Missiles
 m - 3 throwing nets (quivered)
Armour
 g - a +0 plate armour
 k - a +0 pair of boots (worn)
 x - a +2 kite shield (worn)
 z - the +7 plate armour "Zuvikh" (worn) {Int+3 Dex+3}
   (You bought it in a shop on level 8 of the Dungeon)

   Int:       It affects your intelligence (+3).
   Dex:       It affects your dexterity (+3).
Jewellery
 c - an amulet of faith
 d - a ring of willpower
 h - a ring of protection from fire (left hand)
 l - a +6 ring of dexterity (right hand)
 r - an amulet of guardian spirit
 w - a ring of resist corrosion
 B - an amulet of reflection (around neck)
Wands
 b - a wand of polymorph (9)
 n - a wand of digging (5)
 o - a wand of flame (28)
 y - a wand of iceblast (11)
 A - a wand of paralysis (1)
Scrolls
 s - a scroll of identify
 t - a scroll of fog
 C - a scroll of enchant weapon {unknown}
Potions
 e - 2 potions of mutation
 f - a potion of brilliance
 j - 3 potions of attraction
 p - 2 potions of degeneration
 u - 2 potions of lignification
 v - a potion of might
Miscellaneous
 i - a phial of floods (inert)


   Skills:
 - Level 10.1 Fighting
 - Level 9.5 Axes
 + Level 12.0 Armour
 * Level 13.0 Dodging
 - Level 11.0 Shields
 + Level 9.2 Invocations


You had 11 spell levels left.
You didn't know any spells.
Your spell library contained the following spells:

 Spells                   Type           Power      Damage    Failure   Level
 Apportation              Tloc           0%         N/A       100%        1
 Freeze                   Ice            0%         1d3       100%        1
 Magic Dart               Conj           0%         1d3       100%        1
 Sandblast                Erth           0%         2d4       100%        1
 Blink                    Tloc           0%         N/A       100%        2
 Lesser Beckoning         Tloc           0%         N/A       100%        2
 Momentum Strike          Conj/Tloc      0%         3d8       100%        2
 Passwall                 Tmut/Erth      0%         N/A       100%        2
 Searing Ray              Conj           0%         2d4       100%        2
 Sublimation of Blood     Necr           0%         N/A       100%        2
 Call Canine Familiar     Summ           0%         N/A       100%        3
 Frozen Ramparts          Ice            0%         1d1       100%        3
 Hailstorm                Conj/Ice       0%         3d3       100%        3
 Ozocubu's Armour         Ice            0%         N/A       100%        3
 Portal Projectile        Hex/Tloc       0%         N/A       100%        3
 Stone Arrow              Conj/Erth      0%         3d7       100%        3
 Fulminant Prism          Conj/Hex       0%         3d5       100%        4
 Leda's Liquefaction      Hex/Erth       0%         N/A       100%        4
 Petrify                  Tmut/Erth      0%         N/A       100%        4
 Alistair's Intoxication  Tmut/Pois      0%         N/A       100%        5
 Irradiate                Conj/Tmut      0%         3d11      100%        5
 Ozocubu's Refrigeration  Ice            0%         4d7       100%        7


Dungeon Overview and Level Annotations

Branches:
Dungeon (13/15)            Temple (1/1) D:7            Lair (0/5) D:9
    Orc (0/2) D:9
 Vaults: D:13-14

Altars:
Ashenzari
Cheibriados
Dithmenos
Elyvilon
Fedhas
Gozag
Hepliaklqana
Kikubaaqudgha
Makhleb
Nemelex Xobeh
Okawaru
Qazlal
Ru
Sif Muna
Trog
Uskayaw
Vehumet
Wu Jian
Xom
Yredelemnul
Zin
The Shining One

Shops:
D:4 *   D:5 (   D:8 [   D:10 *


Innate Abilities, Weirdness & Mutations

You have a pair of horns on your head.
You reflexively headbutt those who attack you in melee.


Message History

Azrael completely resists.
The blast of flame hits you but does no damage.
You block Azrael's attack.
You slash Azrael!
Azrael is almost dead.
Azrael gestures at you.
The sphere of damnation explodes!
The damnation engulfs you!!
* * * LOW HITPOINT WARNING * * *
The damnation engulfs Azrael.
Azrael completely resists.
You slash Azrael!
You kill Azrael!
Your Dodging skill increases to level 13!
You slice the fire elemental!! You headbutt the fire elemental!
You destroy the fire elemental!
The hell hound breathes flames at you.
The blast of flame hits you but does no damage.
Your Armour skill increases to level 12!
You block the hell hound's attack.
Things that are here:
a +0 scimitar of flaming; a hell hound corpse You hit the hell hound.
The hell hound is lightly wounded.
You block the hell hound's attack.
You hit the hell hound. You headbutt the hell hound!
The hell hound is almost dead.
You block the hell hound's attack.
You slash the hell hound!
You kill the hell hound!
The centaur warrior wields a +0 shortbow.
The centaur warrior shoots an arrow.
You block the arrow with an invisible shield... and reflect it back!
The arrow hits the centaur warrior!!
The centaur warrior unwields a +0 shortbow.
You block the centaur warrior's attack.
The centaur warrior kicks you but does no damage.
You see here a hell hound corpse.
You barely miss the centaur warrior.
The centaur warrior is moderately wounded.
The centaur warrior hits you!
You die...

.###........#
...'........#
####........#
#........# ###'######
#.# ####### #.##
....... #..#
#######.......
##.###....)@c......
#####.....#####.......
+.....##### .......
#####>.# ....... ##.#
...>... #.# .......
#.# ....... #.#
....... #.#


You could see a centaur warrior.

Vanquished Creatures
  Azrael (D:13)
  Snorg (D:11)
  Erica (D:9)
  A death knight (D:13)
  A centaur warrior (D:13)
  A two-headed ogre (D:10)
  A skeletal warrior (D:13)
  Lodul (D:13)
  Pikel (D:7)
  2 ugly things
  2 manticores (D:12)
  2 cyclopes (D:12)
  Joseph (D:7)
  3 gargoyles
  A kobold demonologist (D:11)
  An unseen horror (D:11)
  A freezing wraith (D:13)
  Psyche (D:10)
  3 trolls
  5 slime creatures (D:12)
  2 wyverns
  17 yaks
  3 fire elementals (D:13)
  5 wraiths
  A steam dragon (D:8)
  6 vampire mosquitoes
  2 wargs (D:9)
  Duvessa (D:4)
  3 hell hounds (D:13)
  2 ice beasts
  10 orc warriors
  A sky beast (D:7)
  11 ogres
  3 centaurs
  4 lemures (D:7)
  2 kobold brigands
  Blork the orc (D:4)
  3 gnoll sergeants
  2 scorpions
  4 bullfrogs
  9 wights (D:8)
  Dowan (D:4)
  5 killer bees (D:7)
  3 howler monkeys
  2 orc priests
  2 hounds
  4 jellies
  5 iguanas
  A sleepcap (D:6)
  3 orc wizards
  10 gnolls
  11 adders
  2 white imps (D:7)
  A worm (D:3)
  2 dart slugs
  44 orcs
  6 ball pythons
  3 bats
  6 endoplasms
  8 giant cockroaches
  12 goblins
  7 hobgoblins
  3 jackals (D:2)
  5 quokkas
  5 frilled lizards
  23 kobolds
  8 rats
305 creatures vanquished.

Vanquished Creatures (others)
  A deep elf pyromancer (D:12)
  A gnoll (D:8)
2 creatures vanquished.

Grand Total: 307 creatures vanquished

Notes
Turn   | Place    | Note
-------+----------+-------------------------------------------
     0 | D:1      | lonewolfV2 the Minotaur Fighter began the quest for the
                  | Orb.
     0 | D:1      | Reached XP level 1. HP: 19/19 MP: 0/0
   133 | D:1      | Reached XP level 2. HP: 27/27 MP: 1/1
   365 | D:1      | Reached XP level 3. HP: 30/33 MP: 2/2
   982 | D:2      | Reached XP level 4. HP: 41/41 MP: 3/3
  1690 | D:3      | Reached skill level 5 in Axes
  1729 | D:3      | Found a burning altar of Makhleb.
  1736 | D:3      | Identified the +1 robe of the Constellations {rPois Dex+3}
  1768 | D:3      | Found a faded altar of an unknown god.
  2071 | D:3      | Noticed a +0 falchion
  2071 | D:3      | Noticed a +0 falchion
  2073 | D:3      | Noticed a +0 dagger
  2073 | D:3      | Noticed a +0 spear
  2074 | D:3      | Noticed a +0 dagger
  2074 | D:3      | Noticed a +0 short sword
  2074 | D:3      | Noticed a +0 short sword
  2074 | D:3      | Noticed a +0 spear
  2175 | D:3      | Found a hide-covered altar of Uskayaw.
  2502 | D:4      | Noticed Duvessa
  2502 | D:4      | Found Kynleat's Overcharged Wands.
  2503 | D:4      | Noticed Dowan
  2546 | D:4      | Killed Duvessa
  2547 | D:4      | Reached skill level 5 in Fighting
  2547 | D:4      | Reached XP level 5. HP: 49/49 MP: 2/4
  2554 | D:4      | Killed Dowan
  2555 | D:4      | Reached XP level 6. HP: 57/57 MP: 3/5
  2748 | D:4      | Found a white marble altar of Elyvilon.
  2902 | D:4      | Noticed Blork the orc
  2911 | D:4      | Killed Blork the orc
  3255 | D:4      | Reached skill level 1 in Dodging
  3496 | D:4      | Reached skill level 11 in Dodging
  3496 | D:4      | Reached XP level 7. HP: 64/64 MP: 6/6
  3497 | D:4      | Reached skill level 10 in Fighting
  3497 | D:4      | Reached XP level 8. HP: 79/79 MP: 7/7
  3499 | D:5      | Entered Level 5 of the Dungeon
  3511 | D:5      | Found Zulorphuigi's Weapon Emporium.
  3736 | D:5      | Reached XP level 9. HP: 64/85 MP: 6/8
  3976 | D:5      | Found a stormy altar of Qazlal.
  4099 | D:5      | Found a radiant altar of Vehumet.
  4283 | D:6      | Found an iron altar of Okawaru.
  4650 | D:6      | Found a shimmering altar of Xom.
  4763 | D:6      | Reached skill level 1 in Invocations
  5283 | D:7      | Noticed Joseph
  5310 | D:7      | Killed Joseph
  5512 | D:7      | Found a shimmering blue altar of Sif Muna.
  5565 | D:7      | Found a staircase to the Ecumenical Temple.
  5604 | D:7      | Noticed Pikel
  5612 | Temple   | Entered the Ecumenical Temple
  5920 | D:7      | Killed Pikel
  5921 | D:7      | Reached XP level 10. HP: 79/93 MP: 9/11
  5982 | D:7      | Found an opulent altar of Gozag.
  6075 | D:7      | Found a sacrificial altar of Ru.
  6099 | D:8      | Found a broken altar of Ashenzari.
  6340 | D:8      | Found Teownammu's Armour Boutique.
  7407 | D:8      | Identified a scroll of acquirement
  7407 | D:8      | Acquired 1203 gold pieces
  7480 | D:8      | Bought the +7 plate armour "Zuvikh" {Int+3 Dex+3} for 1086
                  | gold pieces
  7664 | D:9      | Reached skill level 5 in Invocations
  7713 | D:9      | Found a staircase to the Orcish Mines.
  7796 | D:9      | Found a snail-covered altar of Cheibriados.
  7866 | D:9      | Noticed Erica
  7902 | D:9      | Killed Erica
  8362 | D:9      | Found a staircase to the Lair.
  8768 | D:10     | Entered Level 10 of the Dungeon
  8774 | D:10     | Reached XP level 11. HP: 94/99 MP: 11/14
  9015 | D:10     | Found Isaapale's General Store.
  9392 | D:10     | Noticed Psyche
  9408 | D:10     | Killed Psyche
  9790 | D:10     | Reached skill level 10 in Armour
  9874 | D:10     | Noticed a two-headed ogre
  9885 | D:10     | Killed a two-headed ogre
  9985 | D:10     | Noticed a white ugly thing
  9995 | D:10     | Killed a white ugly thing
 10086 | D:11     | Noticed a brown ugly thing
 10099 | D:11     | Killed a brown ugly thing
 10100 | D:11     | Reached skill level 10 in Shields
 10290 | D:11     | Noticed Snorg
 10314 | D:11     | Killed Snorg
 11929 | D:12     | Reached XP level 12. HP: 106/106 MP: 17/17
 12426 | D:12     | Reached skill level 12 in Dodging
 12561 | D:13     | Noticed a death knight
 12561 | D:13     | Noticed a centaur warrior
 12564 | D:13     | Killed a centaur warrior
 12589 | D:13     | Killed a death knight
 13063 | D:13     | Noticed Lodul
 13083 | D:13     | Killed Lodul
 13477 | D:13     | Noticed Azrael
 13484 | D:13     | Noticed a centaur warrior
 13512 | D:13     | HP: 5/159 [Azrael/damnation (32)]
 13513 | D:13     | Killed Azrael
 13514 | D:13     | Reached skill level 13 in Dodging
 13520 | D:13     | Slain by a centaur warrior

Illustrated notes

Levels and vault maps discovered:
D:1:      dpeg_arrival_rhombi, layout_basic, chequers_serial_rivers_micro_b,
          minmay_unequal
D:2:      layout_loops_ring
D:3:      layout_basic, bloody_makhleb, nicolae_uskayaw_en_pointe,
          serial_co_window_serial, co_window_corner_a, co_window_corner_a,
          co_window_corner_a, co_window_corner_a, co_window_paths_a,
          co_window_unsneaky_path_b, co_window_corner_cb, co_window_corner_cb,
          co_window_corner_b, co_window_4corner_a,
          shapermc_ecumenical_altar_notcrosses, grunt_ministairs_10
D:4:      layout_basic, elyvilon_altar_3, nicolae_shop_overcharged_wands,
          uniq_duvessa, uniq_blork_the_orc
D:5:      layout_rooms, lemuel_round_altar, general_overflow_altar,
          nicolae_stop_n_shop_1, minivault_26
D:6:      layout_gridville, amcnicky_altar_gilded, mainiacjoe_overflow_alcove_4,
          dreamdust_princess_corridor, kennysheep_another_room
D:7:      layout_rooms, nicolae_sif_muna_condensation, grunt_gozag_statues,
          lemuel_round_altar, minmay_temple_entry_statues, uniq_pikel,
          uniq_joseph
D:8:      layout_gridville, ashenzari_conservatory_becter, serial_shops, shop
D:9:      layout_basic, kennysheep_slug_shrine, lair_entry_dummy, david_orc_3,
          uniq_erica
D:10:     layout_irregular_city, serial_shops, shop, uniq_psyche
D:11:     layout_long_grid, uniq_snorg
D:12:     layout_cave_pools, special_room [special_room_orc]
D:13:     layout_roguey, enter_trove_2, uniq_lodul, uniq_frances, uniq_azrael
Temple:   nicolae_temple_bog_church

Skill      XL: |  1  2  3  4  5  6  7  8  9 10 11 12 |
---------------+-------------------------------------+-----
Axes           | 3 4 5 6 8 9 |  9.5
Fighting       | 4 5 6 10 | 10.1
Dodging        | 11 13 | 13.0
Armour         | 9 11 12 | 12.0
Shields        | 8 11 | 11.0
Invocations    | 3 6 8 9 |  9.2

Action                     |  1- 3 |  4- 6 |  7- 9 | 10-12 || total
---------------------------+-------+-------+-------+-------++-------
  Melee: War axe           |    88 |    98 |   199 |   549 ||   934
         Headbutt          |     9 |    14 |    32 |   149 ||   204
  Evoke: Wand              |       |       |       |     2 ||     2
         Phial of floods   |       |       |       |     1 ||     1
    Use: Scroll            |     1 |    13 |     3 |     7 ||    24
         Potion            |       |     2 |     7 |    21 ||    30
 Armour: Scale mail        |    63 |    19 |       |       ||    82
         Plate armour      |       |    42 |   101 |   333 ||   476
         Skin              |       |     3 |       |       ||     3
  Dodge: Dodged            |    52 |    36 |    90 |   265 ||   443
  Block: Buckler           |    19 |    17 |    42 |       ||    78
         Kite shield       |       |       |    25 |   593 ||   618
         Reflection        |       |       |       |    10 ||    10
